 Dungeon Crawl Stone Soup version 0.23-a0-395-gcf17ac6 (webtiles) character file.

33 Azzok the Firebug (level 3, 24/24 HPs)
             Began as a Demonspawn Fire Elementalist on Nov 1, 2018.
             Quit the game on level 2 of the Dungeon.
             The game lasted 00:01:19 (1375 turns).

Azzok the Firebug (Demonspawn Fire Elementalist)    Turns: 1375, Time: 00:01:20

Health: 24/24      AC:  4    Str:  8    XL:     3   Next: 12%
Magic:  3/6        EV: 12    Int: 17    God:
Gold:   29         SH:  0    Dex: 13    Spells: 5/6 levels left

rFire    . . .     SeeInvis .   (no weapon)
rCold    + . .     Gourm    .   (no shield)
rNeg     . . .     Faith    .   a - +0 robe
rPois    .         Spirit   .   (no helmet)
rElec    .         Reflect  .   (no cloak)
rCorr    .         Harm     .   (no gloves)
MR       .....                  (no boots)
Stlth    +.........             (no amulet)
HPRegen  0.08/turn              (no ring)
MPRegen  0.10/turn              (no ring)

@: very slow
A: thin metallic scales 1, cold resistance 1
a: no special abilities


You were on level 2 of the Dungeon.
You were hungry.

You visited 1 branch of the dungeon, and saw 2 of its levels.

You collected 29 gold pieces.

Inventory:

Armour
 a - a +0 robe (worn)
Scrolls
 b - 3 scrolls of identify {unknown}
 d - a scroll of remove curse {unknown}
 e - a scroll of blinking {unknown}
Potions
 f - a potion of heal wounds {unknown}
 g - a potion of haste {unknown}
Comestibles
 c - 6 rations


   Skills:
 - Level 1.7 Dodging
 - Level 1.7 Stealth
 - Level 2.0 Spellcasting
 + Level 2.2 Conjurations
 + Level 3.3 Fire Magic


You had 5 spell levels left.
You knew the following spells:

 Your Spells              Type           Power        Failure   Level  Hunger
a - Flame Tongue          Conj/Fire      ##...        6%          1    #......

Your spell library contained the following spells:

 Spells                   Type           Power        Failure   Level  Hunger
 Throw Flame              Conj/Fire      ##....       10%         2    ###....
 Conjure Flame            Conj/Fire      ##......     19%         3    ###....
 Inner Flame              Hex/Fire       #.......     28%         3    ###....
 Sticky Flame             Conj/Fire      ##......     52%         4    #####..
 Fireball                 Conj/Fire      ##........   86%         5    ######.


Dungeon Overview and Level Annotations

Branches:
Dungeon (2/15)

Altars:
Qazlal


Innate Abilities, Weirdness & Mutations

You are partially covered in thin metallic scales. (AC +2)
Your flesh is cold resistant. (rC+)


Message History

You hear a splashing noise.
The gnoll hits the plant with a cursed -1 spear.
The gnoll is engulfed in a cloud of scalding steam.
Something hits the plant but does no damage.
Casting: Flame Tongue (safe; 7% risk of failure)
Confirm with . or Enter, or press ? or * to list all spells.
Aiming: Flame Tongue (safe; 7% risk of failure)
Press: ? - help, Shift-Dir - straight line, f - gnoll
Aim: a gnoll, wielding a +0 club (heavily wounded)
The flame tongue hits the gnoll.
The gnoll is almost dead.
The gnoll is engulfed in a cloud of scalding steam.
You kill the gnoll!
You hear a splash.
You have reached level 3!
Your experience leads to an increase in your attributes!
Increase (S)trength, (I)ntelligence, or (D)exterity?
You feel clever.
Your demonic ancestry asserts itself...
You feel resistant to cold.
Are you sure you want to abandon this character and quit the game? (Confirm

··▒▒▒▒·······▒▒ ≈≈▒▒
·····'········▒♣♣≈≈≈▒▒
▒
▒▒▒▒▒▒(······♣♣≈PPP♣P
·· ▒▒·····≈♣≈P≈≈≈≈♣P≈
▒·····♣≈≈≈≈≈≈≈≈♣ ▒
▒▒▒▒·♣≈≈≈P≈P≈≈≈♣P▒
▒·≈≈≈♣≈≈≈♣≈≈≈≈♣
▒▒♣♣≈≈≈≈≈P≈≈P♣
♣≈≈≈P@≈≈P≈≈♣
♣♣≈P≈§≈≈≈≈≈≈PP
♣≈≈P§≈≈≈≈≈≈P≈P
♣≈P)≈≈≈≈≈≈≈≈≈♣
▒▒▒▒▒▒▒♣≈g≈≈≈≈≈≈≈≈≈≈≈
╬····▒·≈♣≈≈≈≈≈≈≈≈≈≈PP
▒···♣P≈≈≈≈≈≈≈≈≈≈r♣
▒·▒▒♣≈P≈≈≈≈≈≈≈≈≈≈♣
▒▒▒▒▒·▒ ≈≈≈≈≈≈≈≈≈≈≈≈≈


You could see a rat.

Vanquished Creatures
  2 gnolls (D:2)
  A ball python (D:1)
  2 bats (D:1)
  A giant cockroach (D:1)
  A goblin (D:1)
  A hobgoblin (D:1)
  4 jackals (D:1)
  A kobold (D:1)
13 creatures vanquished.

Notes
Turn   | Place    | Note
-------+----------+-------------------------------------------
     0 | D:1      | Azzok the Demonspawn Fire Elementalist began the quest for
                  | the Orb.
     0 | D:1      | Reached XP level 1. HP: 13/13 MP: 3/3
   305 | D:1      | Reached skill level 3 in Fire Magic
   305 | D:1      | Gained mutation: You are partially covered in thin metallic
                  | scales. (AC +2) [demonic ancestry]
   305 | D:1      | Reached XP level 2. HP: 10/19 MP: 0/5
  1297 | D:2      | Found a stormy altar of Qazlal.
  1374 | D:2      | Gained mutation: Your flesh is cold resistant. (rC+)
                  | [demonic ancestry]
  1374 | D:2      | Reached XP level 3. HP: 24/24 MP: 3/6
  1375 | D:2      | Quit the game

Vault maps used:
D:1:      dpeg_arrival_connections
D:2:      grunt_qazlal_sundering, serial_bayou, serial_bayou_pond_a,
          serial_bayou_pond_c, serial_bayou_lake_a, serial_bayou_shore_b,
          serial_bayou_lagoon_a, serial_bayou_pond_d,
          minmay_misc_feat_nine_boxes

Skill      XL: |  1  2 |
---------------+-------+-----
Fire Magic     | 3 |  3.3
Conjurations   | 2 |  2.2
Dodging        | |  1.7
Stealth        | |  1.7
Spellcasting   | |  2.0

Action                   || total
-------------------------++-------
Melee: Unarmed           ||    17
 Cast: Flame Tongue      ||    19
  Eat: Chunk             ||     1
Armor: Robe              ||     3
Dodge: Dodged            ||    15

Table legend:
 A = Non-vault XP
 B = Vault XP
 C = Vault XP percentage of total XP
 D = Non-vault monster count
 E = Vault monster count
 F = Vault count percentage of total count
                 A         B        C        D         E       F
            +---------+---------+-------+---------+---------+-------
      Total |      48 |       0 |   0.0 |      13 |       0 |   0.0
            +---------+---------+-------+---------+---------+-------
        D:1 |      20 |       0 |   0.0 |      11 |       0 |   0.0
        D:2 |      28 |       0 |   0.0 |       2 |       0 |   0.0
            +---------+---------+-------+---------+---------+-------
